 Dungeon Crawl Stone Soup version 0.31-a0-164-g2312942fda (webtiles) character file.

Game seed: 5592190478247389720

192024 qw the Peltast (level 18, -2/120 HPs)
             Began as a Gargoyle Fighter on June 13, 2023.
             Was an Elder of Okawaru.
             Slain by the 26-headed Lernaean hydra (3 damage)
             ... on level 4 of the Swamp.
             The game lasted 00:20:40 (28137 turns).

qw the Peltast (Gargoyle Fighter)                  Turns: 28137, Time: 00:20:40

Health: -2/120     AC: 52    Str: 28    XL:     18   Next: 67%
Magic:  21/22      EV: 17    Int:  5    God:    Okawaru [****..]
Gold:   2980       SH: 27    Dex:  9    Spells: 17/17 levels left

rFire   + . .        E - +7 broad axe "Xageitea" {drain, rN++}
rCold   + . .        c - +0 tower shield
rNeg    + + +        i - +8 chain mail "Komeh" {rPois Regen+ Int-4}
rPois   inf          H - +2 helmet
rElec   +            C - scarf of Restlessness {rC+ rF+, *Slow Will+ SInv}
rCorr   .            l - +2 pair of gloves
SInv    +            s - +1 pair of boots
Will    ++...        I - amulet of reflection Stlth
                     G - +5 ring of evasion
HPRegen 1.20/turn    z - +4 ring of protection
MPRegen 0.18/turn

%: slow self (1%), reflection
@: about to teleport, heroic, flying
A: sickness immunity, AC +13, big wings, negative energy resistance 1,
electricity resistance, torment resistance 1, petrification resistance, talons
1, iridescent scales 1, low MP 1, screaming 1
a: Renounce Religion, Heroism, Finesse


You were on level 4 of the Swamp.
You worshipped Okawaru.
Okawaru was greatly pleased with you.
You visited 6 branches of the dungeon, and saw 30 of its levels.
You visited the Abyss 1 time.

You collected 4340 gold pieces.
You spent 1360 gold pieces at shops.


Innate Abilities, Weirdness & Mutations

You are immune to sickness and miasma.
Your stone body is resilient. (AC +13)
You are immune to poison.
Your large and strong wings let you fly.
You resist negative energy. (rN+)
You are resistant to electric shocks. (rElec)
You are resistant to unholy torment.
You are immune to petrification.
You have sharp toenails.
You are partially covered in iridescent scales. (AC +2)
Your magical capacity is low. (-10% MP)
You occasionally shout uncontrollably at your foes.


   Skills:
 + Level 15.7(20.7) Fighting
 - Level 18.0(23.0) Axes
 - Level 7.0(12.0) Throwing
 - Level 12.0(17.0) Armour
 - Level 4.0(9.0) Dodging
 - Level 18.7(23.7) Shields
 - Level 10.0 Invocations


You had 17 spell levels left.
You didn't know any spells.
Your spell library was empty.

Inventory:

Hand Weapons
 D - a +1 broad axe
 E - the +7 broad axe "Xageitea" (weapon) {drain, rN++}
   (Okawaru gifted it to you on level 14 of the Dungeon)

   rN:        It greatly protects you from negative energy.
Missiles
 u - a javelin (quivered)
 A - 5 boomerangs
Armour
 c - a +0 tower shield (worn)
 i - the +8 chain mail "Komeh" (worn) {rPois Regen+ Int-4}
   (You acquired it on level 1 of the Dungeon)

   Int:       It affects your intelligence (-4).
   rPois:     It protects you from poison.
   Regen:     It increases your rate of health regeneration.
 k - a scarf of resistance
 l - a +2 pair of gloves (worn)
 o - a +4 plate armour of fire resistance
 p - the +3 tower shield of the Four Howling Coins {-Tele +Inv rPois Dex+5}
   (Okawaru gifted it to you on level 12 of the Dungeon)

   Dex:       It affects your dexterity (+5).
   rPois:     It protects you from poison.
   +Inv:      It lets you turn invisible.
   -Tele:     It prevents most forms of teleportation.
 r - +0 acid dragon scales
 s - a +1 pair of boots (worn)
 C - the scarf of Restlessness (worn) {rC+ rF+, *Slow Will+ SInv}
   (You bought it in a shop on level 13 of the Dungeon)

   SInv:      It lets you see invisible.
   *Slow:     It may slow you when you take damage.
   Will:      It increases your willpower.
 H - a +2 helmet (worn)
 K - a +1 cloak of poison resistance
Jewellery
 b - a ring of ice
 j - a ring of ice
 w - a ring of fire
 y - a ring of resist corrosion
 z - a +4 ring of protection (right hand)
 G - a +5 ring of evasion (left hand)
 I - an amulet of reflection (around neck)
Wands
 x - a wand of digging (6)
Scrolls
 m - 15 scrolls of identify
 v - 12 scrolls of teleportation
 F - 2 scrolls of enchant weapon
Potions
 a - 8 potions of haste
 d - 5 potions of might
 e - 5 potions of heal wounds
 f - 2 potions of cancellation
 g - 10 potions of curing
 h - 4 potions of lignification
 n - 4 potions of attraction
 t - 3 potions of resistance
 B - 4 potions of mutation

Dungeon Overview and Level Annotations

Branches:
Dungeon (15/15)            Temple (1/1) D:7            Lair (5/5) D:9
  Swamp (4/4) Lair:2       Spider (3/4) Lair:3        Slime (0/5) Lair:5
    Orc (2/2) D:10            Elf (0/3) Orc:2        Vaults (0/5) D:14
 Depths (0/4) D:15

Altars:
Ashenzari
Cheibriados
Dithmenos
Elyvilon
Fedhas
Gozag
Hepliaklqana
Kikubaaqudgha
Makhleb
Nemelex Xobeh
Okawaru
Qazlal
Ru
Sif Muna
Trog
Uskayaw
Vehumet
Wu Jian
Xom
Yredelemnul
Zin
The Shining One
Jiyva
Lugonu

Shops:
D:13 [   Orc:1 !   Orc:2 :((

Portals:
Abyss: Spider:2

Annotations:
D:7 exclusion: wight
D:14 3 runed translucent doors, Cown's ghost, journeyman TrHu
Lair:5 exclusion: iguana
Swamp:4 Lernaean hydra
Spider:3 1 runed translucent door, Anuqaetage's ghost, adept HOFi


Message History

The swamp dragon claws you but does no damage.
The swamp dragon misses you.
28137 ||| READING 13 scrolls of teleportation.
As you read the scroll of teleportation, it crumbles to dust.
You feel strangely unstable.
You block the six-headed hydra's attack. x2
The six-headed hydra misses you.
The six-headed hydra bites you but does no damage. x2
The six-headed hydra misses you. The six-headed hydra bites you.
You block the six-headed hydra's attack.
The six-headed hydra closely misses you.
You block the six-headed hydra's attack.
The six-headed hydra barely misses you.
The six-headed hydra bites you but does no damage.
The 11-headed hydra barely misses you.
The 11-headed hydra bites you but does no damage.
The 11-headed hydra misses you. x3
The 11-headed hydra bites you but does no damage.
The 11-headed hydra misses you. The 11-headed hydra closely misses you.
The 11-headed hydra bites you but does no damage. x2
The 11-headed hydra completely misses you.
The 12-headed hydra barely misses you.
The 12-headed hydra bites you but does no damage.
You block the 12-headed hydra's attack. x2
The 12-headed hydra barely misses you. The 12-headed hydra misses you.
The 12-headed hydra closely misses you. You block the 12-headed hydra's attack.
The 12-headed hydra misses you.
The 12-headed hydra bites you but does no damage.
The 12-headed hydra barely misses you. The 12-headed hydra closely misses you.
The 26-headed Lernaean hydra bites you but does no damage. x3
The 26-headed Lernaean hydra closely misses you. x2
The 26-headed Lernaean hydra bites you but does no damage. x4
The 26-headed Lernaean hydra bites you.
The 26-headed Lernaean hydra bites you but does no damage.
The 26-headed Lernaean hydra bites you.
The 26-headed Lernaean hydra bites you but does no damage. x3
The 26-headed Lernaean hydra bites you.
You block the 26-headed Lernaean hydra's attack.
The 26-headed Lernaean hydra bites you.
You die...

#.%.~77777
#77~~7~7 #¤~~.~77
##7..~~~~7
##.##.~~.~~~.7
....~.¤~~~...7
.~~7¤~~~k~¤777
.....~¤0DDD~~7
......~DD@D~.7777
~.~~~..0D0D~..~~~
~~¤~~77.~7~.~.~~.
(...¤ 7~.$.77....
.7777 7~...7 ~.~.


777 77 ~~ 7 You could see the 26-headed Lernaean hydra (drained), a 16-headed
hydra (drained), a 12-headed hydra (drained), a 11-headed hydra (drained), an
eight-headed hydra, 2 six-headed hydras, a swamp dragon (drained) and a swamp
drake.

Vanquished Creatures
  Nikola (Swamp:2)
  Jorgrun (D:13)
  Gastronok (D:10)
  Frances (Swamp:2)
  2 tentacled starspawn (Abyss:2)
  A thorn hunter (Swamp:3)
  A fenstrider witch (Swamp:4)
  An emperor scorpion (Spider:2)
  Louise (Swamp:3)
  A ghost moth (Spider:2)
  3 ghouls (Swamp:2)
  A very ugly thing (Abyss:2)
  A broodmother (Spider:1)
  An orc warlord (Orc:2)
  3 eleionomae
  6 bunyips
  Azrael (Spider:1)
  2 dire elephants (Swamp:3)
  An ettin (D:15)
  Snorg (D:13)
  A great orb of eyes (Abyss:2)
  4 entropy weavers
  Harold (D:9)
  Erolcha (Orc:2)
  An ogre mage (D:14)
  Erica (D:8)
  A ghost crab (Swamp:4)
  5 boulder beetles
  11 hydras
  6 centaur warriors (D:14)
  3 catoblepae
  6 death yaks
  9 alligators
  A death knight (D:13)
  A jorogumo (Spider:2)
  6 two-headed ogres
  8 demonic crawlers
  A thrashing horror (Abyss:2)
  5 orc high priests (Orc:2)
  Urug (Orc:2)
  4 tengu warriors
  Nergalle (D:11)
  2 deep elf knights
  Amaemon (D:8)
  2 wretched stars (Abyss:2)
  A sixfirhy (Abyss:2)
  4 goliath frogs
  7 pharaoh ants
  4 spriggan druids
  2 deep trolls (D:15)
  5 orb spiders
  5 swamp dragons
  2 lindwurms
  8 steelbarb worms
  4 bog bodies
  A deep elf archer (Swamp:3)
  A wizard (D:15)
  5 deep elf pyromancers
  2 necromancers (D:15)
  11 ugly things
  2 deep elf zephyrmancers (D:14)
  3 starcursed masses (Abyss:2)
  4 orc knights (Orc:2)
  4 orc sorcerers (Orc:2)
  9 wolf spiders
  8 will-o-the-wisps
  7 cyclopes
  3 manticores
  2 moths of wrath
  4 black mambas
  16 elephants
  Maurice (Orc:2)
  2 slime creatures (D:12)
  11 cane toads
  3 torpor snails
  A gargoyle (D:10)
  Psyche (D:8)
  An orange demon (D:8)
  5 rime drakes
  4 yaktaurs (D:14)
  A hellion (Abyss:2)
  2 kobold demonologists
  10 komodo dragons
  3 tengu conjurers
  2 efreet
  5 trolls
  2 polar bears
  A bloated husk (Swamp:1)
  10 tyrant leeches
  11 hornets
  15 meliai
  19 tarantellas
  A raiju (Swamp:3)
  22 blink frogs
  6 flying skulls (Abyss:2)
  A culicivora (shapeshifter) (D:14)
  14 culicivoras
  A vampire (Abyss:2)
  4 water elementals (D:14)
  10 jumping spiders
  2 shadows
  2 wraiths
  14 spriggans
  A ynoxinul (Abyss:2)
  8 large abominations (Abyss:2)
  11 wyverns
  51 yaks
  Grum (D:8)
  3 basilisks
  2 steam dragons (D:10)
  2 fire elementals (Spider:1)
  A neqoxec (Abyss:2)
  45 redbacks
  13 vampire mosquitoes
  A chaos spawn (Abyss:2)
  Menkaure (D:6)
  5 wargs (Orc:2)
  4 acid dragons
  10 swamp worms
  Edmund (D:6)
  2 hell hounds (Spider:1)
  8 small abominations (Abyss:2)
  6 swamp drakes
  14 water moccasins
  A black bear (shapeshifter) (D:13)
  56 orc warriors
  7 black bears
  16 ogres
  11 centaurs
  13 wolves
  6 kobold brigands
  4 gnoll sergeants
  4 scorpions
  13 bullfrogs
  14 wights
  A hornet simulacrum (D:15)
  A killer bee (D:9)
  5 electric eels
  A vampire bat (D:5)
  3 howler monkeys
  2 hounds
  A quasit (Abyss:2)
  39 orc priests
  16 iguanas
  38 orc wizards
  5 gnolls (D:8)
  5 adders
  A shadow imp (D:6)
  5 white imps
  136 orcs
  5 endoplasms
  4 giant cockroaches
  8 goblins
  8 hobgoblins
  3 jackals (D:1)
  5 quokkas
  7 ball pythons
  16 bats
  3 frilled lizards
  43 kobolds
  7 rats
  2 lurking horrors (Spider:2)
  A starspawn tentacle (Abyss:2)
1131 creatures vanquished.

Vanquished Creatures (others)
  Arachne (Spider:3)
  2 hydras (Swamp:4)
  A spriggan druid (Swamp:4)
  A bloated husk (Swamp:1)
  2 hornets (Swamp:4)
  2 spriggans (Swamp:4)
  44 foxfires
  4 starspawn tentacles (Abyss:2)
57 creatures vanquished.

Grand Total: 1188 creatures vanquished

Notes
Turn   | Place    | Note
-------+----------+-------------------------------------------
     0 | D:1      | qw the Gargoyle Fighter began the quest for the Orb.
     0 | D:1      | Reached XP level 1. HP: 14/14 MP: 1/1
     0 | D:1      | 0 ||| qw: Version: 0.2-a-29-gc1b59c4
     0 | D:1      | 0 ||| qw: Game counter: 4609
     0 | D:1      | 0 ||| qw: Always use a shield: true
     0 | D:1      | 0 ||| qw: God list: Okawaru
     0 | D:1      | 0 ||| qw: Allow faded altars: false
     0 | D:1      | 0 ||| qw: Do Orc after D:15 true
     0 | D:1      | 0 ||| qw: Do second Lair branch before Depths: true
     0 | D:1      | 0 ||| qw: Lair rune preference: random
     0 | D:1      | 0 ||| qw: Plans: Normal, Zot:1-4, Slime:5, God:TSO, Crypt,
                  | Tomb, Abyss, Pan, Hells, Win
     0 | D:1      | 0 ||| PLANNING D:1-11
   151 | D:1      | Reached XP level 2. HP: 19/19 MP: 2/2
   157 | D:1      | 157 ||| DROPPING +0 club.
   269 | D:1      | Reached skill level 3 in Axes
   336 | D:1      | Reached XP level 3. HP: 23/23 MP: 3/3
   562 | D:1      | 562 ||| Stepping ~*~*~tactically~*~*~ (hiding).
   564 | D:1      | 564 ||| Stepping ~*~*~tactically~*~*~ (hiding).
   565 | D:1      | 565 ||| Stepping ~*~*~tactically~*~*~ (hiding).
   648 | D:1      | 648 ||| UPGRADING to ring of see invisible.
   649 | D:1      | 649 ||| READING 2 scrolls labelled XEIKOLI JONT.
   650 | D:1      | 650 ||| READING scroll labelled MOIMOIWIHU.
   650 | D:1      | Identified a scroll of acquirement
   650 | D:1      | 650 ||| ACQUIRING +8 chain mail "Komeh" {rPois Regen+
                  | Int-4}
   650 | D:1      | Acquired the +8 chain mail "Komeh" {rPois Regen+ Int-4}
   652 | D:1      | 652 ||| UPGRADING to +8 chain mail "Komeh" {rPois Regen+
                  | Int-4}.
   662 | D:1      | 662 ||| DROPPING +0 scale mail.
   663 | D:1      | 663 ||| READING scroll labelled BYIKYILEKA.
   664 | D:1      | 664 ||| READING scroll labelled VOGAVORIFE.
   665 | D:1      | 665 ||| DRINKING 2 murky inky potions.
   666 | D:1      | 666 ||| DROPPING scroll of vulnerability.
   887 | D:2      | Found a faded altar of an unknown god.
   932 | D:2      | 932 ||| Stepping ~*~*~tactically~*~*~ (stealth).
   938 | D:2      | 938 ||| Stepping ~*~*~tactically~*~*~ (stealth).
   939 | D:2      | 939 ||| Stepping ~*~*~tactically~*~*~ (stealth).
   940 | D:2      | 940 ||| Stepping ~*~*~tactically~*~*~ (stealth).
  1006 | D:2      | 1006 ||| READING scroll of acquirement.
  1006 | D:2      | 1006 ||| ACQUIRING scarf of resistance
  1006 | D:2      | Acquired a scarf of resistance
  1008 | D:2      | 1008 ||| UPGRADING to scarf of resistance.
  1022 | D:2      | 1022 ||| Stepping ~*~*~tactically~*~*~ (stealth).
  1023 | D:2      | 1023 ||| Stepping ~*~*~tactically~*~*~ (stealth).
  1027 | D:2      | Reached XP level 4. HP: 28/28 MP: 4/4
  1049 | D:2      | 1049 ||| Stepping ~*~*~tactically~*~*~ (hiding).
  1149 | D:2      | 1149 ||| UPGRADING to +0 pair of gloves.
  1519 | D:2      | 1519 ||| Stepping ~*~*~tactically~*~*~ (stealth).
  1524 | D:2      | 1524 ||| Stepping ~*~*~tactically~*~*~ (stealth).
  1635 | D:2      | 1635 ||| UPGRADING to ring of positive energy.
  1636 | D:2      | 1636 ||| READING scroll labelled JYNAHU KOQUTO.
  1637 | D:2      | 1637 ||| DRINKING 5 fizzy grey potions.
  1638 | D:2      | 1638 ||| DRINKING 3 dark potions.
  1639 | D:2      | 1639 ||| READING 2 scrolls of identify.
  1639 | D:2      | 1639 ||| IDENTIFYING fizzy blue potion
  1640 | D:2      | 1640 ||| DROPPING 4 potions of degeneration.
  1641 | D:2      | 1641 ||| DROPPING potion of brilliance.
  1702 | D:3      | 1702 ||| Stepping ~*~*~tactically~*~*~ (stealth).
  2085 | D:3      | Found a stormy altar of Qazlal.
  2100 | D:3      | Noticed a scorpion
  2111 | D:3      | Killed a scorpion
  2112 | D:3      | Reached XP level 5. HP: 32/32 MP: 5/5
  2115 | D:3      | 2115 ||| DROPPING +0 mace.
  2504 | D:3      | 2504 ||| Stepping ~*~*~tactically~*~*~ (hiding).
  2505 | D:3      | 2505 ||| Stepping ~*~*~tactically~*~*~ (hiding).
  2535 | D:3      | 2535 ||| Stepping ~*~*~tactically~*~*~ (stealth).
  2598 | D:3      | 2598 ||| READING scroll labelled BUUSITHICKE.
  2599 | D:3      | 2599 ||| READING scroll labelled SEOH NIC IWNUL.
  2602 | D:3      | 2602 ||| READING scroll labelled MECSUT BUSACO.
  2603 | D:3      | 2603 ||| READING scroll labelled WEICHO TONK.
  2636 | D:4      | 2636 ||| Stepping ~*~*~tactically~*~*~ (stealth).
  2636 | D:4      | Noticed a black bear
  2641 | D:4      | 2641 ||| STAIRDANCE
  2650 | D:3      | Killed a black bear
  2651 | D:3      | Reached XP level 6. HP: 37/37 MP: 6/6
  2656 | D:4      | 2656 ||| Stepping ~*~*~tactically~*~*~ (stealth).
  2657 | D:4      | 2657 ||| Stepping ~*~*~tactically~*~*~ (stealth).
  2658 | D:4      | 2658 ||| Stepping ~*~*~tactically~*~*~ (stealth).
  2828 | D:4      | Identified the +0 ring mail of the Heron {Drain rF+++ MP-9
                  | Str+3}
  2837 | D:4      | 2837 ||| Stepping ~*~*~tactically~*~*~ (stealth).
  2840 | D:4      | 2840 ||| Stepping ~*~*~tactically~*~*~ (stealth).
  2866 | D:4      | 2866 ||| Stepping ~*~*~tactically~*~*~ (stealth).
  2969 | D:4      | 2969 ||| Stepping ~*~*~tactically~*~*~ (stealth).
  2990 | D:4      | Reached skill level 6 in Axes
  3112 | D:4      | Reached skill level 1 in Dodging
  3392 | D:4      | 3392 ||| DRINKING 2 sedimented red potions.
  3393 | D:4      | 3393 ||| READING 2 scrolls of identify.
  3393 | D:4      | 3393 ||| IDENTIFYING metallic sapphire potion
  3394 | D:4      | 3394 ||| DROPPING potion of invisibility.
  3417 | D:5      | Entered Level 5 of the Dungeon
  3417 | D:5      | Found a shadowy altar of Dithmenos.
  3420 | D:5      | 3420 ||| READING scroll of enchant armour.
  3420 | D:5      | 3420 ||| ENCHANTING +0 pair of gloves.
  3437 | D:5      | Reached XP level 7. HP: 43/43 MP: 7/7
  3523 | D:5      | 3523 ||| Stepping ~*~*~tactically~*~*~ (stealth).
  3534 | D:5      | HP: 4/43 [ogre/+0 giant club (14)]
  3535 | D:5      | 3535 ||| DRINKING 2 potions of heal wounds.
  3543 | D:5      | 3543 ||| FLEEEEING.
  3544 | D:5      | 3544 ||| FLEEEEING.
  3545 | D:5      | 3545 ||| FLEEEEING.
  3546 | D:5      | 3546 ||| FLEEEEING.
  3547 | D:5      | 3547 ||| FLEEEEING.
  3647 | D:5      | 3647 ||| Stepping ~*~*~tactically~*~*~ (hiding).
  3648 | D:5      | 3648 ||| Stepping ~*~*~tactically~*~*~ (stealth).
  3660 | D:5      | 3660 ||| DRINKING 2 potions of curing.
  3660 | D:5      | 3660 ||| (to cure confusion)
  3690 | D:5      | 3690 ||| Stepping ~*~*~tactically~*~*~ (hiding).
  3882 | D:5      | Reached skill level 1 in Throwing
  3882 | D:5      | Reached XP level 8. HP: 34/49 MP: 8/8
  4102 | D:5      | 4102 ||| UPGRADING to +0 pair of boots.
  4107 | D:5      | 4107 ||| UPGRADING to amulet of regeneration.
  4112 | D:5      | 4112 ||| READING scroll labelled HAAKKA LOMONYS.
  4113 | D:5      | 4113 ||| READING scroll labelled PAUPUH VUZAUM.
  4114 | D:5      | 4114 ||| READING scroll labelled REOTTA ROIFEI.
  4115 | D:5      | 4115 ||| DRINKING 2 white potions.
  4116 | D:5      | 4116 ||| READING 2 scrolls of identify.
  4116 | D:5      | 4116 ||| IDENTIFYING brown potion
  4170 | D:6      | Found a bloodstained altar of Trog.
  4181 | D:6      | Found an ornate altar of the Wu Jian Council.
  4232 | D:6      | Noticed Menkaure
  4233 | D:6      | 4233 ||| Stepping ~*~*~tactically~*~*~ (hiding).
  4241 | D:6      | Killed Menkaure
  4264 | D:6      | 4264 ||| DROPPING +0 flail.
  4265 | D:6      | 4265 ||| DROPPING +2 mace of holy wrath.
  4280 | D:6      | Found Zin's Purification Station.
  4280 | D:6      | Found a glowing silver altar of Zin.
  4288 | D:6      | 4288 ||| BUYING potion of curing (90 gold).
  4288 | D:6      | Bought a potion of curing for 90 gold pieces
  4415 | D:6      | Reached skill level 6 in Fighting
  4470 | D:6      | 4470 ||| Stepping ~*~*~tactically~*~*~ (stealth).
  4471 | D:6      | 4471 ||| Stepping ~*~*~tactically~*~*~ (stealth).
  4473 | D:6      | 4473 ||| Stepping ~*~*~tactically~*~*~ (stealth).
  4483 | D:6      | 4483 ||| DRINKING 2 potions of curing.
  4483 | D:6      | 4483 ||| (to cure confusion)
  4490 | D:6      | Reached XP level 9. HP: 51/56 MP: 9/9
  4556 | D:6      | Noticed Edmund
  4590 | D:6      | Killed Edmund
  4790 | D:6      | Reached skill level 9 in Axes
  4859 | D:6      | 4859 ||| READING scroll labelled XEECHYA XOKY.
  4860 | D:6      | 4860 ||| READING 4 scrolls of identify.
  4860 | D:6      | 4860 ||| IDENTIFYING glowing red potion
  4861 | D:6      | 4861 ||| DROPPING potion of berserk rage.
  5038 | D:7      | Found a staircase to the Ecumenical Temple.
  5039 | D:7      | 5039 ||| PLANNING TEMPLE
  5047 | Temple   | Entered the Ecumenical Temple
  5049 | Temple   | 5049 ||| PLANNING OKAWARU WORSHIP
  5182 | Temple   | Became a worshipper of Warmaster Okawaru
  5182 | Temple   | 5182 ||| PLANNING D:1-11
  5289 | D:7      | 5289 ||| READING scroll labelled RATUULEEHILE.
  5333 | D:7      | 5333 ||| Stepping ~*~*~tactically~*~*~ (stealth).
  5343 | D:7      | 5343 ||| Stepping ~*~*~tactically~*~*~ (stealth).
  5344 | D:7      | 5344 ||| Stepping ~*~*~tactically~*~*~ (stealth).
  5346 | D:7      | 5346 ||| Stepping ~*~*~tactically~*~*~ (stealth).
  5349 | D:7      | 5349 ||| Stepping ~*~*~tactically~*~*~ (stealth).
  5352 | D:7      | Found a hide-covered altar of Uskayaw.
  5352 | D:7      | Noticed a +0 short sword
  5440 | D:7      | Noticed a +0 spear
  5440 | D:7      | Noticed a +0 falchion
  5441 | D:7      | Noticed a +0 dagger
  5441 | D:7      | Noticed a +0 falchion
  5441 | D:7      | Noticed a +0 spear
  5441 | D:7      | Noticed a +0 dagger
  5443 | D:7      | Noticed a +0 short sword
  5496 | D:7      | Found a glowing golden altar of the Shining One.
  5953 | D:7      | 5953 ||| Stepping ~*~*~tactically~*~*~ (stealth).
  5957 | D:7      | 5957 ||| Stepping ~*~*~tactically~*~*~ (hiding).
  5959 | D:7      | 5959 ||| Stepping ~*~*~tactically~*~*~ (hiding).
  5960 | D:7      | 5960 ||| Stepping ~*~*~tactically~*~*~ (hiding).
  6301 | D:8      | Noticed Erica
  6308 | D:8      | 6308 ||| DRINKING 2 potions of curing.
  6308 | D:8      | 6308 ||| (to cure confusion)
  6317 | D:8      | Killed Erica
  6317 | D:8      | Reached * piety under Okawaru
  6317 | D:8      | Reached ** piety under Okawaru
  6359 | D:8      | 6359 ||| READING scroll of enchant armour.
  6359 | D:8      | 6359 ||| ENCHANTING +1 pair of gloves.
  6402 | D:8      | Noticed Amaemon
  6402 | D:8      | Noticed an orange demon
  6403 | D:8      | 6403 ||| Stepping ~*~*~tactically~*~*~ (stealth).
  6405 | D:8      | 6405 ||| INVOKING Heroism.
  6418 | D:8      | 6418 ||| INVOKING Heroism.
  6430 | D:8      | Killed Amaemon
  6431 | D:8      | Reached skill level 3 in Invocations
  6431 | D:8      | Reached XP level 10. HP: 57/64 MP: 7/12
  6443 | D:8      | Killed an orange demon
  6503 | D:8      | Noticed Psyche
  6504 | D:8      | 6504 ||| INVOKING Heroism.
  6519 | D:8      | Killed Psyche
  6570 | D:8      | Noticed Grum
  6571 | D:8      | 6571 ||| INVOKING Heroism.
  6592 | D:8      | Killed Grum
  6713 | D:8      | 6713 ||| INVOKING Heroism.
  6720 | D:8      | Reached *** piety under Okawaru
  6765 | D:8      | 6765 ||| Stepping ~*~*~tactically~*~*~ (hiding).
  6813 | D:8      | 6813 ||| Stepping ~*~*~tactically~*~*~ (hiding).
  6927 | D:8      | Reached skill level 6 in Armour
  7094 | D:8      | 7094 ||| READING scroll of enchant armour.
  7094 | D:8      | 7094 ||| ENCHANTING +0 pair of boots.
  7503 | D:8      | 7503 ||| UPGRADING to +0 kite shield.
  7513 | D:8      | 7513 ||| DROPPING +0 buckler.
  7514 | D:8      | 7514 ||| READING scroll labelled JEOKOZ KUQYJARGHE.
  7515 | D:8      | 7515 ||| READING 3 scrolls of identify.
  7515 | D:8      | 7515 ||| IDENTIFYING blue potion
  7516 | D:8      | 7516 ||| READING 2 scrolls of identify.
  7516 | D:8      | 7516 ||| IDENTIFYING orange potion
  7517 | D:8      | 7517 ||| DROPPING potion of enlightenment.
  7539 | D:9      | 7539 ||| INVOKING Heroism.
  7585 | D:9      | 7585 ||| INVOKING Heroism.
  7612 | D:9      | Reached skill level 6 in Shields
  7622 | D:9      | Reached XP level 11. HP: 69/69 MP: 14/14
  7626 | D:9      | 7626 ||| INVOKING Heroism.
  7682 | D:9      | Found a staircase to the Lair.
  7729 | D:9      | 7729 ||| Stepping ~*~*~tactically~*~*~ (stealth).
  7732 | D:9      | 7732 ||| INVOKING Heroism.
  7829 | D:9      | 7829 ||| INVOKING Heroism.
  7840 | D:9      | 7840 ||| Stepping ~*~*~tactically~*~*~ (water).
  7975 | D:9      | Noticed a two-headed ogre
  7976 | D:9      | 7976 ||| INVOKING Heroism.
  7992 | D:9      | Killed a two-headed ogre
  7993 | D:9      | Reached skill level 9 in Shields
  8060 | D:9      | 8060 ||| Stepping ~*~*~tactically~*~*~ (stealth).
  8071 | D:9      | Reached **** piety under Okawaru
  8150 | D:9      | 8150 ||| READING scroll of acquirement.
  8150 | D:9      | 8150 ||| ACQUIRING +1 hat
  8150 | D:9      | Acquired a +1 hat
  8152 | D:9      | 8152 ||| DROPPING scarf of invisibility.
  8177 | D:9      | Noticed Harold
  8178 | D:9      | 8178 ||| Stepping ~*~*~tactically~*~*~ (hiding).
  8179 | D:9      | 8179 ||| FLEEEEING.
  8180 | D:9      | 8180 ||| FLEEEEING.
  8181 | D:9      | 8181 ||| FLEEEEING.
  8183 | D:9      | 8183 ||| FLEEEEING.
  8184 | D:9      | 8184 ||| FLEEEEING.
  8185 | D:9      | 8185 ||| FLEEEEING.
  8186 | D:9      | 8186 ||| FLEEEEING.
  8187 | D:9      | 8187 ||| INVOKING Heroism.
  8201 | D:9      | HP: 17/69 [Harold/+0 hand axe (21)]
  8202 | D:9      | 8202 ||| READING 2 scrolls of teleportation.
  8204 | D:9      | 8204 ||| INVOKING Heroism.
  8239 | D:9      | 8239 ||| FLEEEEING.
  8248 | D:9      | 8248 ||| STAIRDANCE
  8350 | D:8      | 8350 ||| UPGRADING to +1 hat.
  8359 | D:9      | 8359 ||| INVOKING Heroism.
  8367 | D:9      | Killed Harold
  8614 | D:9      | 8614 ||| PLANNING LAIR
  8638 | Lair:1   | Entered Level 1 of the Lair of Beasts
  8713 | Lair:1   | Reached skill level 9 in Fighting
  8775 | Lair:1   | 8775 ||| INVOKING Heroism.
  8777 | Lair:1   | 8777 ||| Stepping ~*~*~tactically~*~*~ (stealth).
  8807 | Lair:1   | 8807 ||| READING 2 scrolls of enchant weapon.
  8807 | Lair:1   | 8807 ||| ENCHANTING +1 war axe.
  8808 | Lair:1   | 8808 ||| READING scroll of enchant weapon.
  8808 | Lair:1   | 8808 ||| ENCHANTING +2 war axe.
  8819 | Lair:1   | 8819 ||| Stepping ~*~*~tactically~*~*~ (stealth).
  8977 | Lair:1   | 8977 ||| INVOKING Heroism.
  9055 | Lair:1   | Found an iron altar of Okawaru.
  9195 | Lair:1   | 9195 ||| Stepping ~*~*~tactically~*~*~ (stealth).
  9198 | Lair:1   | 9198 ||| Stepping ~*~*~tactically~*~*~ (stealth).
  9206 | Lair:1   | Reached skill level 6 in Invocations
  9219 | Lair:1   | Reached ***** piety under Okawaru
  9300 | Lair:1   | 9300 ||| INVOKING Heroism.
  9328 | Lair:1   | Reached XP level 12. HP: 76/76 MP: 16/16
  9435 | Lair:1   | 9435 ||| INVOKING Heroism.
  9656 | Lair:1   | 9656 ||| Stepping ~*~*~tactically~*~*~ (stealth).
  9657 | Lair:1   | 9657 ||| Stepping ~*~*~tactically~*~*~ (stealth).
  9669 | Lair:1   | 9669 ||| Stepping ~*~*~tactically~*~*~ (stealth).
  9673 | Lair:1   | 9673 ||| Stepping ~*~*~tactically~*~*~ (stealth).
  9675 | Lair:1   | 9675 ||| INVOKING Heroism.
  9779 | Lair:1   | 9779 ||| UPGRADING to +6 ring of dexterity.
  9781 | Lair:1   | 9781 ||| READING scroll labelled COED NYTOI.
  9907 | Lair:2   | 9907 ||| Stepping ~*~*~tactically~*~*~ (stealth).
  9908 | Lair:2   | 9908 ||| Stepping ~*~*~tactically~*~*~ (stealth).
  9924 | Lair:2   | Received a gift from Okawaru
  9936 | Lair:2   | Reached skill level 3 in Dodging
  9938 | Lair:2   | 9938 ||| DROPPING +0 morningstar.
 10047 | Lair:2   | Found a staircase to the Swamp.
 10130 | Lair:2   | Noticed a catoblepas
 10131 | Lair:2   | 10131 ||| INVOKING Heroism.
 10132 | Lair:2   | 10132 ||| Stepping ~*~*~tactically~*~*~ (hiding).
 10133 | Lair:2   | 10133 ||| INVOKING Finesse.
 10145 | Lair:2   | Killed a catoblepas
 10146 | Lair:2   | Reached skill level 12 in Axes
 10211 | Lair:2   | 10211 ||| Stepping ~*~*~tactically~*~*~ (stealth).
 10234 | Lair:2   | Reached skill level 9 in Invocations
 10272 | Lair:2   | 10272 ||| Stepping ~*~*~tactically~*~*~ (stealth).
 10279 | Lair:2   | 10279 ||| INVOKING Heroism.
 10449 | Lair:2   | 10449 ||| READING scroll of enchant weapon.
 10449 | Lair:2   | 10449 ||| ENCHANTING +3 war axe.
 10581 | Lair:3   | 10581 ||| INVOKING Heroism.
 10635 | Lair:3   | 10635 ||| INVOKING Heroism.
 10813 | Lair:3   | 10813 ||| INVOKING Heroism.
 10829 | Lair:3   | Reached XP level 13. HP: 82/82 MP: 20/20
 10876 | Lair:3   | 10876 ||| INVOKING Heroism.
 10877 | Lair:3   | 10877 ||| INVOKING Finesse.
 10880 | Lair:3   | 10880 ||| Stepping ~*~*~tactically~*~*~ (stealth).
 10978 | Lair:3   | Found a hole to the Spider Nest.
 10981 | Lair:3   | 10981 ||| INVOKING Heroism.
 11029 | Lair:3   | 11029 ||| INVOKING Heroism.
 11252 | Lair:3   | 11252 ||| READING scroll labelled GIDOTEMAO.
 11371 | Lair:4   | 11371 ||| INVOKING Heroism.
 11415 | Lair:4   | 11415 ||| INVOKING Finesse.
 11416 | Lair:4   | 11416 ||| INVOKING Heroism.
 11506 | Lair:4   | Found a glowing golden altar of the Shining One.
 11546 | Lair:4   | You fall into a shaft and drop 1 floor!
 11546 | Lair:5   | Entered Level 5 of the Lair of Beasts
 11547 | Lair:5   | 11547 ||| INVOKING Heroism.
 11563 | Lair:5   | 11563 ||| Stepping ~*~*~tactically~*~*~ (hiding).
 11616 | Lair:5   | 11616 ||| INVOKING Heroism.
 11634 | Lair:5   | Identified the +1 chain mail of Qokalle {rN+ Str+5}
                  | (Okawaru gifted it to you on level 5 of the Lair of Beasts)
 11634 | Lair:5   | Received a gift from Okawaru
 11759 | Lair:5   | 11759 ||| INVOKING Heroism.
 11760 | Lair:5   | 11760 ||| INVOKING Finesse.
 11770 | Lair:5   | 11770 ||| SWAPPING to +0 war axe of flaming.
 11778 | Lair:5   | 11778 ||| SWAPPING to +4 war axe.
 11844 | Lair:5   | 11844 ||| Stepping ~*~*~tactically~*~*~ (stealth).
 11930 | Lair:4   | 11930 ||| INVOKING Heroism.
 12135 | Lair:4   | 12135 ||| INVOKING Heroism.
 12140 | Lair:4   | 12140 ||| SWAPPING to +0 war axe of flaming.
 12146 | Lair:4   | 12146 ||| SWAPPING to +4 war axe.
 12402 | Lair:4   | 12402 ||| Stepping ~*~*~tactically~*~*~ (stealth).
 12403 | Lair:4   | 12403 ||| Stepping ~*~*~tactically~*~*~ (stealth).
 12405 | Lair:4   | 12405 ||| Stepping ~*~*~tactically~*~*~ (hiding).
 12422 | Lair:4   | 12422 ||| INVOKING Heroism.
 12430 | Lair:4   | Gained mutation: Your large and strong wings let you fly.
                  | [Gargoyle growth]
 12430 | Lair:4   | Reached XP level 14. HP: 90/90 MP: 19/21
 12435 | Lair:4   | 12435 ||| Stepping ~*~*~tactically~*~*~ (stealth).
 12436 | Lair:4   | 12436 ||| Stepping ~*~*~tactically~*~*~ (stealth).
 12724 | Lair:5   | Reached skill level 12 in Shields
 12889 | Lair:5   | 12889 ||| Stepping ~*~*~tactically~*~*~ (hiding).
 12893 | Lair:5   | 12893 ||| INVOKING Heroism.
 13094 | Lair:5   | Found a viscous altar of Jiyva.
 13094 | Lair:5   | Found a staircase to the Slime Pits.
 13370 | Lair:5   | 13370 ||| PLANNING D:1-11
 13517 | D:10     | Entered Level 10 of the Dungeon
 13578 | D:10     | Noticed Gastronok
 13579 | D:10     | 13579 ||| Stepping ~*~*~tactically~*~*~ (hiding).
 13603 | D:10     | 13603 ||| INVOKING Heroism.
 13606 | D:10     | Killed Gastronok
 13836 | D:10     | Found a staircase to the Orcish Mines.
 13961 | D:10     | Reached skill level 15 in Axes
 14027 | D:10     | 14027 ||| Stepping ~*~*~tactically~*~*~ (hiding).
 14029 | D:10     | 14029 ||| Stepping ~*~*~tactically~*~*~ (hiding).
 14200 | D:10     | Reached skill level 9 in Armour
 14225 | D:10     | 14225 ||| Stepping ~*~*~tactically~*~*~ (stealth).
 14232 | D:10     | 14232 ||| Stepping ~*~*~tactically~*~*~ (hiding).
 14372 | D:10     | 14372 ||| READING scroll of enchant weapon.
 14372 | D:10     | 14372 ||| ENCHANTING +4 war axe.
 14485 | D:10     | Found a white marble altar of Elyvilon.
 14548 | D:10     | 14548 ||| Stepping ~*~*~tactically~*~*~ (hiding).
 14549 | D:10     | 14549 ||| Stepping ~*~*~tactically~*~*~ (hiding).
 14569 | D:10     | 14569 ||| Stepping ~*~*~tactically~*~*~ (stealth).
 14671 | D:10     | 14671 ||| Stepping ~*~*~tactically~*~*~ (stealth).
 14675 | D:10     | 14675 ||| Stepping ~*~*~tactically~*~*~ (stealth).
 14680 | D:10     | 14680 ||| FLEEEEING.
 14778 | D:10     | 14778 ||| DROPPING ring of positive energy.
 14779 | D:10     | 14779 ||| UPGRADING to +4 ring of protection.
 14895 | D:11     | 14895 ||| READING scroll of enchant weapon.
 14895 | D:11     | 14895 ||| ENCHANTING +5 war axe.
 15010 | D:11     | Noticed Nergalle
 15018 | D:11     | Killed Nergalle
 15055 | D:11     | 15055 ||| Stepping ~*~*~tactically~*~*~ (hiding).
 15156 | D:11     | 15156 ||| Stepping ~*~*~tactically~*~*~ (hiding).
 15665 | D:11     | 15665 ||| PLANNING D
 15665 | D:11     | 15665 ||| UPGRADING to +0 tower shield.
 15675 | D:11     | 15675 ||| DROPPING +0 kite shield.
 15890 | D:12     | 15890 ||| FLEEEEING.
 15891 | D:12     | 15891 ||| FLEEEEING.
 15897 | D:12     | 15897 ||| Stepping ~*~*~tactically~*~*~ (hiding).
 15911 | D:12     | Identified the +3 tower shield of the Four Howling Coins
                  | {-Tele +Inv rPois Dex+5} (Okawaru gifted it to you on level
                  | 12 of the Dungeon)
 15911 | D:12     | Received a gift from Okawaru
 15980 | D:12     | Identified the +3 mace of Tumult {vamp, rElec rC+}
 16111 | D:12     | 16111 ||| Stepping ~*~*~tactically~*~*~ (hiding).
 16214 | D:12     | 16214 ||| Stepping ~*~*~tactically~*~*~ (stealth).
 16216 | D:12     | 16216 ||| Stepping ~*~*~tactically~*~*~ (stealth).
 16220 | D:12     | 16220 ||| Stepping ~*~*~tactically~*~*~ (stealth).
 16359 | D:12     | 16359 ||| READING 3 scrolls of identify.
 16359 | D:12     | 16359 ||| IDENTIFYING amethyst potion
 16470 | D:13     | 16470 ||| INVOKING Heroism.
 16525 | D:13     | 16525 ||| SWAPPING to +0 broad axe.
 16526 | D:13     | 16526 ||| DROPPING +6 war axe.
 16532 | D:13     | Noticed Jorgrun
 16533 | D:13     | 16533 ||| FLEEEEING.
 16534 | D:13     | 16534 ||| FLEEEEING.
 16535 | D:13     | 16535 ||| FLEEEEING.
 16536 | D:13     | 16536 ||| INVOKING Heroism.
 16537 | D:13     | 16537 ||| INVOKING Finesse.
 16570 | D:13     | Killed Jorgrun
 16646 | D:13     | Reached XP level 15. HP: 96/96 MP: 22/22
 16648 | D:13     | 16648 ||| SWAPPING to +1 broad axe.
 16649 | D:13     | 16649 ||| DROPPING +0 broad axe.
 16702 | D:13     | 16702 ||| INVOKING Heroism.
 16703 | D:13     | 16703 ||| INVOKING Finesse.
 16712 | D:13     | 16712 ||| SWAPPING to +0 war axe of flaming.
 16718 | D:13     | 16718 ||| SWAPPING to +1 broad axe.
 16786 | D:13     | Found Wuugruyg's Antique Armour Emporium.
 16801 | D:13     | 16801 ||| BUYING ancient scarf (270 gold).
 16801 | D:13     | Bought an ancient scarf for 270 gold pieces
 16801 | D:13     | Identified the scarf of Restlessness {rC+ rF+, *Slow Will+
                  | SInv} (You bought it in a shop on level 13 of the Dungeon)
 16884 | D:13     | Noticed Snorg
 16895 | D:13     | Killed Snorg
 17175 | D:13     | 17175 ||| READING 3 scrolls of identify.
 17175 | D:13     | 17175 ||| IDENTIFYING glowing white potion
 17176 | D:13     | 17176 ||| DROPPING potion of ambrosia.
 17283 | D:14     | 17283 ||| Stepping ~*~*~tactically~*~*~ (hiding).
 17284 | D:14     | 17284 ||| Stepping ~*~*~tactically~*~*~ (hiding).
 17296 | D:14     | 17296 ||| INVOKING Heroism.
 17355 | D:14     | Found a blossoming altar of Fedhas.
 17440 | D:14     | 17440 ||| INVOKING Heroism.
 17468 | D:14     | 17468 ||| Stepping ~*~*~tactically~*~*~ (stealth).
 17470 | D:14     | 17470 ||| Stepping ~*~*~tactically~*~*~ (hiding).
 17471 | D:14     | 17471 ||| Stepping ~*~*~tactically~*~*~ (hiding).
 17472 | D:14     | 17472 ||| Stepping ~*~*~tactically~*~*~ (hiding).
 17473 | D:14     | 17473 ||| Stepping ~*~*~tactically~*~*~ (hiding).
 17500 | D:14     | Reached skill level 15 in Shields
 17539 | D:14     | 17539 ||| FLEEEEING.
 17540 | D:14     | 17540 ||| FLEEEEING.
 17541 | D:14     | 17541 ||| FLEEEEING.
 17542 | D:14     | 17542 ||| FLEEEEING.
 17546 | D:14     | 17546 ||| STAIRDANCE
 17601 | D:14     | Found a gate to the Vaults.
 17629 | D:14     | 17629 ||| Stepping ~*~*~tactically~*~*~ (hiding).
 17648 | D:14     | 17648 ||| INVOKING Heroism.
 17698 | D:14     | Noticed Cown's ghost (journeyman TrHu)
 17702 | D:14     | Noticed a frost giant
 17735 | D:14     | Found a runed translucent gate.
 17735 | D:14     | Found a runed translucent gate.
 17735 | D:14     | Found a runed translucent gate.
 17758 | D:14     | Reached skill level 12 in Fighting
 17866 | D:14     | Found a sacrificial altar of Ru.
 17989 | D:14     | 17989 ||| Stepping ~*~*~tactically~*~*~ (hiding).
 18131 | D:14     | Identified the +7 broad axe "Xageitea" {drain, rN++}
                  | (Okawaru gifted it to you on level 14 of the Dungeon)
 18131 | D:14     | Received a gift from Okawaru
 18135 | D:14     | 18135 ||| SWAPPING to +7 broad axe "Xageitea" {drain,
                  | rN++}.
 18171 | D:14     | 18171 ||| Stepping ~*~*~tactically~*~*~ (stealth).
 18173 | D:14     | 18173 ||| Stepping ~*~*~tactically~*~*~ (stealth).
 18399 | D:15     | Entered Level 15 of the Dungeon
 18414 | D:15     | 18414 ||| INVOKING Heroism.
 18422 | D:15     | 18422 ||| INVOKING Finesse.
 18424 | D:15     | 18424 ||| Stepping ~*~*~tactically~*~*~ (hiding).
 18425 | D:15     | 18425 ||| Stepping ~*~*~tactically~*~*~ (hiding).
 18436 | D:15     | 18436 ||| Stepping ~*~*~tactically~*~*~ (hiding).
 18437 | D:15     | 18437 ||| Stepping ~*~*~tactically~*~*~ (hiding).
 18438 | D:15     | 18438 ||| Stepping ~*~*~tactically~*~*~ (hiding).
 18441 | D:15     | 18441 ||| Stepping ~*~*~tactically~*~*~ (hiding).
 18496 | D:15     | Found a staircase to the Depths.
 18870 | D:15     | 18870 ||| Stepping ~*~*~tactically~*~*~ (hiding).
 18881 | D:15     | Identified the +4 quarterstaff of Ejulics {protect, rCorr
                  | Str+3 Int+6 Stlth-} (Okawaru gifted it to you on level 15
                  | of the Dungeon)
 18881 | D:15     | Received a gift from Okawaru
 18969 | D:15     | 18969 ||| PLANNING ORC
 18969 | D:15     | 18969 ||| DROPPING scarf of shadows.
 18970 | D:15     | 18970 ||| DROPPING +1 pair of boots.
 18971 | D:15     | 18971 ||| UPGRADING to +5 ring of evasion.
 18973 | D:15     | 18973 ||| UPGRADING to scarf of Restlessness {rC+ rF+,
                  | *Slow Will+ SInv}.
 18983 | D:15     | 18983 ||| DROPPING +6 ring of dexterity.
 18984 | D:15     | 18984 ||| DROPPING ring of see invisible.
 19128 | Orc:1    | Entered Level 1 of the Orcish Mines
 19175 | Orc:1    | 19175 ||| Stepping ~*~*~tactically~*~*~ (hiding).
 19241 | Orc:1    | 19241 ||| INVOKING Heroism.
 19428 | Orc:1    | Found Lolocreu's Distillery.
 19438 | Orc:1    | 19438 ||| BUYING potion of cancellation (96 gold).
 19438 | Orc:1    | Bought a potion of cancellation for 96 gold pieces
 19438 | Orc:1    | 19438 ||| BUYING potion of heal wounds (60 gold).
 19438 | Orc:1    | Bought a potion of heal wounds for 60 gold pieces
 19438 | Orc:1    | 19438 ||| BUYING potion of heal wounds (60 gold).
 19438 | Orc:1    | Bought a potion of heal wounds for 60 gold pieces
 19438 | Orc:1    | 19438 ||| BUYING potion of lignification (36 gold).
 19438 | Orc:1    | Bought a potion of lignification for 36 gold pieces
 19443 | Orc:1    | 19443 ||| Stepping ~*~*~tactically~*~*~ (hiding).
 19551 | Orc:1    | 19551 ||| Stepping ~*~*~tactically~*~*~ (stealth).
 19553 | Orc:1    | 19553 ||| Stepping ~*~*~tactically~*~*~ (hiding).
 19554 | Orc:1    | 19554 ||| Stepping ~*~*~tactically~*~*~ (hiding).
 19704 | Orc:1    | 19704 ||| Stepping ~*~*~tactically~*~*~ (hiding).
 19837 | Orc:2    | Entered Level 2 of the Orcish Mines
 19903 | Orc:2    | 19903 ||| Stepping ~*~*~tactically~*~*~ (stealth).
 19905 | Orc:2    | 19905 ||| Stepping ~*~*~tactically~*~*~ (stealth).
 19913 | Orc:2    | 19913 ||| Stepping ~*~*~tactically~*~*~ (hiding).
 19926 | Orc:2    | 19926 ||| Stepping ~*~*~tactically~*~*~ (stealth).
 19981 | Orc:2    | 19981 ||| Stepping ~*~*~tactically~*~*~ (stealth).
 19982 | Orc:2    | 19982 ||| Stepping ~*~*~tactically~*~*~ (stealth).
 19984 | Orc:2    | 19984 ||| Stepping ~*~*~tactically~*~*~ (hiding).
 20004 | Orc:2    | 20004 ||| Stepping ~*~*~tactically~*~*~ (stealth).
 20005 | Orc:2    | 20005 ||| Stepping ~*~*~tactically~*~*~ (stealth).
 20006 | Orc:2    | 20006 ||| Stepping ~*~*~tactically~*~*~ (stealth).
 20152 | Orc:2    | 20152 ||| INVOKING Heroism.
 20163 | Orc:2    | Reached XP level 16. HP: 101/101 MP: 21/23
 20207 | Orc:2    | Found Kiozem's Weapon Boutique.
 20208 | Orc:2    | 20208 ||| INVOKING Heroism.
 20223 | Orc:2    | 20223 ||| INVOKING Heroism.
 20246 | Orc:2    | Found Juadinel's Weapon Shop.
 20282 | Orc:2    | 20282 ||| INVOKING Heroism.
 20369 | Orc:2    | Noticed Erolcha
 20375 | Orc:2    | Killed Erolcha
 20404 | Orc:2    | 20404 ||| INVOKING Heroism.
 20613 | Orc:2    | Noticed Maurice
 20633 | Orc:2    | Killed Maurice
 20645 | Orc:2    | 20645 ||| Stepping ~*~*~tactically~*~*~ (stealth).
 20646 | Orc:2    | 20646 ||| Stepping ~*~*~tactically~*~*~ (stealth).
 20708 | Orc:2    | 20708 ||| INVOKING Heroism.
 20777 | Orc:2    | Found a staircase to the Elven Halls.
 20821 | Orc:2    | 20821 ||| FLEEEEING.
 20824 | Orc:2    | 20824 ||| Stepping ~*~*~tactically~*~*~ (hiding).
 20825 | Orc:2    | 20825 ||| Stepping ~*~*~tactically~*~*~ (hiding).
 20838 | Orc:2    | 20838 ||| Stepping ~*~*~tactically~*~*~ (hiding).
 20840 | Orc:2    | 20840 ||| Stepping ~*~*~tactically~*~*~ (hiding).
 20842 | Orc:2    | 20842 ||| Stepping ~*~*~tactically~*~*~ (hiding).
 20853 | Orc:2    | 20853 ||| Stepping ~*~*~tactically~*~*~ (stealth).
 20854 | Orc:2    | 20854 ||| Stepping ~*~*~tactically~*~*~ (stealth).
 20855 | Orc:2    | 20855 ||| Stepping ~*~*~tactically~*~*~ (stealth).
 20856 | Orc:2    | 20856 ||| Stepping ~*~*~tactically~*~*~ (hiding).
 20857 | Orc:2    | 20857 ||| Stepping ~*~*~tactically~*~*~ (hiding).
 20861 | Orc:2    | 20861 ||| INVOKING Heroism.
 20918 | Orc:2    | 20918 ||| Stepping ~*~*~tactically~*~*~ (hiding).
 20920 | Orc:2    | 20920 ||| INVOKING Heroism.
 21010 | Orc:2    | Noticed Urug
 21010 | Orc:2    | 21010 ||| INVOKING Heroism.
 21014 | Orc:2    | Found Qaont's Distillery.
 21021 | Orc:2    | Killed Urug
 21023 | Orc:2    | Reached skill level 3 in Throwing
 21037 | Orc:2    | 21037 ||| BUYING potion of attraction (51 gold).
 21037 | Orc:2    | Bought a potion of attraction for 51 gold pieces
 21037 | Orc:2    | 21037 ||| BUYING potion of curing (51 gold).
 21037 | Orc:2    | Bought a potion of curing for 51 gold pieces
 21037 | Orc:2    | 21037 ||| BUYING potion of haste (170 gold).
 21037 | Orc:2    | Bought a potion of haste for 170 gold pieces
 21037 | Orc:2    | 21037 ||| BUYING potion of heal wounds (85 gold).
 21037 | Orc:2    | Bought a potion of heal wounds for 85 gold pieces
 21037 | Orc:2    | 21037 ||| BUYING potion of heal wounds (85 gold).
 21037 | Orc:2    | Bought a potion of heal wounds for 85 gold pieces
 21037 | Orc:2    | 21037 ||| BUYING potion of might (68 gold).
 21037 | Orc:2    | Bought a potion of might for 68 gold pieces
 21037 | Orc:2    | 21037 ||| BUYING potion of might (68 gold).
 21037 | Orc:2    | Bought a potion of might for 68 gold pieces
 21037 | Orc:2    | 21037 ||| BUYING potion of resistance (170 gold).
 21037 | Orc:2    | Bought a potion of resistance for 170 gold pieces
 21056 | Orc:2    | 21056 ||| INVOKING Heroism.
 21057 | Orc:2    | Found Uffosuk's Book Emporium.
 21173 | Orc:2    | 21173 ||| Stepping ~*~*~tactically~*~*~ (stealth).
 21174 | Orc:2    | 21174 ||| Stepping ~*~*~tactically~*~*~ (stealth).
 21310 | Orc:2    | 21310 ||| PLANNING SWAMP:1-3
 21521 | Swamp:1  | Entered Level 1 of the Swamp
 21522 | Swamp:1  | 21522 ||| INVOKING Heroism.
 21531 | Swamp:1  | Received a gift from Okawaru
 21579 | Swamp:1  | 21579 ||| INVOKING Heroism.
 21587 | Swamp:1  | 21587 ||| SWAPPING to +0 war axe of flaming.
 21598 | Swamp:1  | 21598 ||| SWAPPING to +7 broad axe "Xageitea" {drain,
                  | rN++}.
 21615 | Swamp:1  | 21615 ||| INVOKING Heroism.
 21661 | Swamp:1  | Received a gift from Okawaru
 21661 | Swamp:1  | HP: 2/101 [tyrant leech[a spriggan druid] (35)]
 21662 | Swamp:1  | 21662 ||| READING 14 scrolls of teleportation.
 21663 | Swamp:1  | 21663 ||| DRINKING 7 potions of heal wounds.
 21665 | Swamp:1  | Reached skill level 6 in Throwing
 21666 | Swamp:1  | 21666 ||| INVOKING Heroism.
 21749 | Swamp:1  | Found a stormy altar of Qazlal.
 21754 | Swamp:1  | 21754 ||| Stepping ~*~*~tactically~*~*~ (stealth).
 21814 | Swamp:1  | 21814 ||| INVOKING Heroism.
 22042 | Swamp:2  | Noticed Nikola
 22042 | Swamp:2  | Noticed Frances
 22043 | Swamp:2  | 22043 ||| INVOKING Heroism.
 22062 | Swamp:2  | Killed Nikola
 22063 | Swamp:2  | 22063 ||| INVOKING Finesse.
 22069 | Swamp:2  | Killed Frances
 22167 | Swamp:2  | Received a gift from Okawaru
 22299 | Swamp:2  | 22299 ||| INVOKING Heroism.
 22624 | Swamp:2  | 22624 ||| DROPPING +0 cloak.
 22661 | Swamp:3  | 22661 ||| INVOKING Heroism.
 22678 | Swamp:3  | Identified the +0 pair of gloves of Grot {Rampage} (Okawaru
                  | gifted it to you on level 3 of the Swamp)
 22678 | Swamp:3  | Received a gift from Okawaru
 22699 | Swamp:3  | 22699 ||| INVOKING Heroism.
 22723 | Swamp:3  | 22723 ||| Stepping ~*~*~tactically~*~*~ (hiding).
 22861 | Swamp:3  | 22861 ||| Stepping ~*~*~tactically~*~*~ (hiding).
 22863 | Swamp:3  | 22863 ||| Stepping ~*~*~tactically~*~*~ (hiding).
 22870 | Swamp:3  | Reached XP level 17. HP: 108/108 MP: 24/24
 22910 | Swamp:3  | 22910 ||| Stepping ~*~*~tactically~*~*~ (stealth).
 22937 | Swamp:3  | 22937 ||| INVOKING Heroism.
 22941 | Swamp:3  | 22941 ||| SWAPPING to +0 war axe of flaming.
 22946 | Swamp:3  | 22946 ||| SWAPPING to +7 broad axe "Xageitea" {drain,
                  | rN++}.
 22966 | Swamp:3  | 22966 ||| INVOKING Heroism.
 23039 | Swamp:3  | Noticed Louise
 23044 | Swamp:3  | 23044 ||| INVOKING Heroism.
 23044 | Abyss:2  | Cast into level 2 of the Abyss (Louise)
 23087 | Abyss:2  | 23087 ||| Stepping ~*~*~tactically~*~*~ (stealth).
 23132 | Abyss:2  | Noticed a tentacled starspawn
 23144 | Abyss:2  | Killed a tentacled starspawn
 23152 | Abyss:2  | 23152 ||| Stepping ~*~*~tactically~*~*~ (stealth).
 23153 | Abyss:2  | 23153 ||| Stepping ~*~*~tactically~*~*~ (stealth).
 23154 | Abyss:2  | 23154 ||| Stepping ~*~*~tactically~*~*~ (stealth).
 23219 | Abyss:2  | Gained mutation: You are frail. (-10% HP) [a neqoxec]
 23223 | Abyss:2  | 23223 ||| DRINKING 4 potions of mutation.
 23223 | Abyss:2  | Lost mutation: You are frail. (-10% HP) [potion of
                  | mutation]
 23223 | Abyss:2  | Gained mutation: You are partially covered in iridescent
                  | scales. (AC +2) [potion of mutation]
 23223 | Abyss:2  | Gained mutation: Your magical capacity is low. (-10% MP)
                  | [potion of mutation]
 23223 | Abyss:2  | Gained mutation: You occasionally shout uncontrollably at
                  | your foes. [potion of mutation]
 23223 | Abyss:2  | Gained mutation: You have sharp toenails. [potion of
                  | mutation]
 23244 | Abyss:2  | 23244 ||| Stepping ~*~*~tactically~*~*~ (hiding).
 23320 | Abyss:2  | 23320 ||| Stepping ~*~*~tactically~*~*~ (hiding).
 23348 | Abyss:2  | 23348 ||| Stepping ~*~*~tactically~*~*~ (stealth).
 23372 | Abyss:2  | 23372 ||| Stepping ~*~*~tactically~*~*~ (hiding).
 23379 | Abyss:2  | Paralysed by a great orb of eyes for 5 turns
 23400 | Abyss:2  | Found a corrupted altar of Lugonu.
 23425 | Abyss:2  | 23425 ||| Stepping ~*~*~tactically~*~*~ (stealth).
 23427 | Abyss:2  | Noticed a tentacled starspawn
 23430 | Abyss:2  | 23430 ||| INVOKING Heroism.
 23438 | Abyss:2  | Killed a tentacled starspawn
 23454 | Abyss:2  | 23454 ||| Stepping ~*~*~tactically~*~*~ (hiding).
 23455 | Abyss:2  | 23455 ||| Stepping ~*~*~tactically~*~*~ (stealth).
 23564 | Abyss:2  | 23564 ||| Stepping ~*~*~tactically~*~*~ (stealth).
 23773 | Abyss:2  | Found a corrupted altar of Lugonu.
 23777 | Abyss:2  | Found a corrupted altar of Lugonu.
 23777 | Abyss:2  | Found a corrupted altar of Lugonu.
 23785 | Abyss:2  | 23785 ||| DROPPING +0 pair of gloves of Grot {Rampage}.
 23786 | Abyss:2  | 23786 ||| UPGRADING to amulet of reflection.
 23796 | Abyss:2  | 23796 ||| DROPPING amulet of regeneration.
 23805 | Swamp:3  | Escaped the Abyss
 23806 | Swamp:3  | 23806 ||| INVOKING Heroism.
 23828 | Swamp:3  | Killed Louise
 23912 | Swamp:3  | Identified the +1 shortbow "Kockuzoorch" {antimagic, rElec
                  | rC+}
 23957 | Swamp:3  | 23957 ||| INVOKING Heroism.
 24225 | Swamp:3  | 24225 ||| PLANNING SPIDER:1-3
 24225 | Swamp:3  | 24225 ||| UPGRADING to +2 helmet.
 24235 | Swamp:3  | 24235 ||| DROPPING +1 hat.
 24318 | Spider:1 | Entered Level 1 of the Spider Nest
 24337 | Spider:1 | Received a gift from Okawaru
 24340 | Spider:1 | 24340 ||| Stepping ~*~*~tactically~*~*~ (hiding).
 24382 | Spider:1 | 24382 ||| Stepping ~*~*~tactically~*~*~ (stealth).
 24385 | Spider:1 | 24385 ||| Stepping ~*~*~tactically~*~*~ (stealth).
 24408 | Spider:1 | Reached skill level 18 in Axes
 24473 | Spider:1 | Noticed Azrael
 24481 | Spider:1 | 24481 ||| INVOKING Finesse.
 24482 | Spider:1 | 24482 ||| INVOKING Heroism.
 24492 | Spider:1 | Killed Azrael
 24524 | Spider:1 | Received a gift from Okawaru
 24605 | Spider:1 | 24605 ||| Stepping ~*~*~tactically~*~*~ (hiding).
 24606 | Spider:1 | 24606 ||| Stepping ~*~*~tactically~*~*~ (hiding).
 24616 | Spider:1 | 24616 ||| INVOKING Heroism.
 24627 | Spider:1 | HP: 24/108 [pharaoh ant (15)]
 24628 | Spider:1 | 24628 ||| READING 16 scrolls of teleportation.
 24629 | Spider:1 | 24629 ||| DRINKING 7 potions of heal wounds.
 24669 | Spider:1 | 24669 ||| Stepping ~*~*~tactically~*~*~ (stealth).
 24670 | Spider:1 | 24670 ||| Stepping ~*~*~tactically~*~*~ (stealth).
 24845 | Spider:1 | 24845 ||| INVOKING Heroism.
 24940 | Spider:1 | 24940 ||| READING scroll of acquirement.
 24940 | Spider:1 | 24940 ||| ACQUIRING 1131 gold pieces
 24940 | Spider:1 | Acquired 1131 gold pieces
 24957 | Spider:1 | 24957 ||| Stepping ~*~*~tactically~*~*~ (hiding).
 25066 | Spider:1 | 25066 ||| Stepping ~*~*~tactically~*~*~ (stealth).
 25076 | Spider:1 | 25076 ||| Stepping ~*~*~tactically~*~*~ (hiding).
 25105 | Spider:1 | 25105 ||| Stepping ~*~*~tactically~*~*~ (stealth).
 25217 | Spider:1 | Identified the -1 pair of gloves "Kettupt" {Fly Slay+3}
 25295 | Spider:1 | 25295 ||| Stepping ~*~*~tactically~*~*~ (stealth).
 25298 | Spider:1 | 25298 ||| Stepping ~*~*~tactically~*~*~ (stealth).
 25403 | Spider:1 | 25403 ||| DROPPING -1 pair of gloves "Kettupt" {Fly
                  | Slay+3}.
 25452 | Spider:2 | 25452 ||| INVOKING Heroism.
 25504 | Spider:2 | 25504 ||| Stepping ~*~*~tactically~*~*~ (stealth).
 25505 | Spider:2 | 25505 ||| Stepping ~*~*~tactically~*~*~ (stealth).
 25687 | Spider:2 | Reached XP level 18. HP: 116/116 MP: 22/22
 25690 | Spider:2 | 25690 ||| DROPPING +0 war axe of flaming.
 25694 | Spider:2 | 25694 ||| FLEEEEING.
 25695 | Spider:2 | 25695 ||| FLEEEEING.
 25696 | Spider:2 | 25696 ||| FLEEEEING.
 25697 | Spider:2 | 25697 ||| FLEEEEING.
 25698 | Spider:2 | 25698 ||| FLEEEEING.
 25699 | Spider:2 | 25699 ||| FLEEEEING.
 25700 | Spider:2 | 25700 ||| FLEEEEING.
 25701 | Spider:2 | 25701 ||| FLEEEEING.
 25704 | Spider:2 | 25704 ||| FLEEEEING.
 25706 | Spider:2 | 25706 ||| FLEEEEING.
 25707 | Spider:2 | 25707 ||| FLEEEEING.
 25708 | Spider:2 | 25708 ||| FLEEEEING.
 25709 | Spider:2 | 25709 ||| FLEEEEING.
 25710 | Spider:2 | 25710 ||| FLEEEEING.
 25711 | Spider:2 | 25711 ||| FLEEEEING.
 25712 | Spider:2 | 25712 ||| FLEEEEING.
 25713 | Spider:2 | 25713 ||| FLEEEEING.
 25714 | Spider:2 | 25714 ||| FLEEEEING.
 25715 | Spider:2 | 25715 ||| FLEEEEING.
 25716 | Spider:2 | 25716 ||| FLEEEEING.
 25717 | Spider:2 | 25717 ||| FLEEEEING.
 25718 | Spider:2 | 25718 ||| FLEEEEING.
 25719 | Spider:2 | 25719 ||| FLEEEEING.
 25724 | Spider:2 | Reached skill level 18 in Shields
 25797 | Spider:2 | 25797 ||| INVOKING Heroism.
 26013 | Spider:2 | Found a corrupted altar of Lugonu.
 26015 | Spider:2 | 26015 ||| Stepping ~*~*~tactically~*~*~ (stealth).
 26033 | Spider:2 | Found a one-way gate to the infinite horrors of the Abyss.
 26052 | Spider:2 | 26052 ||| INVOKING Heroism.
 26056 | Spider:2 | HP: 27/117 [meliai/+0 war axe (5)]
 26057 | Spider:2 | 26057 ||| READING 15 scrolls of teleportation.
 26058 | Spider:2 | 26058 ||| DRINKING 6 potions of heal wounds.
 26411 | Spider:2 | 26411 ||| Stepping ~*~*~tactically~*~*~ (stealth).
 26489 | Spider:2 | 26489 ||| Stepping ~*~*~tactically~*~*~ (stealth).
 26491 | Spider:2 | 26491 ||| Stepping ~*~*~tactically~*~*~ (stealth).
 26523 | Spider:2 | 26523 ||| INVOKING Heroism.
 26536 | Spider:2 | Reached skill level 15 in Fighting
 26784 | Spider:3 | 26784 ||| Stepping ~*~*~tactically~*~*~ (hiding).
 26857 | Spider:3 | 26857 ||| Stepping ~*~*~tactically~*~*~ (hiding).
 26859 | Spider:3 | 26859 ||| Stepping ~*~*~tactically~*~*~ (hiding).
 26884 | Spider:3 | 26884 ||| INVOKING Heroism.
 26919 | Spider:3 | Reached skill level 12 in Armour
 26920 | Spider:3 | 26920 ||| Stepping ~*~*~tactically~*~*~ (stealth).
 26997 | Spider:3 | 26997 ||| Stepping ~*~*~tactically~*~*~ (stealth).
 26998 | Spider:3 | 26998 ||| Stepping ~*~*~tactically~*~*~ (stealth).
 26999 | Spider:3 | 26999 ||| Stepping ~*~*~tactically~*~*~ (stealth).
 27006 | Spider:3 | Received a gift from Okawaru
 27049 | Spider:3 | Found a runed translucent door.
 27049 | Spider:3 | Found a shimmering altar of Xom.
 27049 | Spider:3 | Noticed Anuqaetage's ghost (adept HOFi)
 27160 | Spider:3 | 27160 ||| Stepping ~*~*~tactically~*~*~ (stealth).
 27161 | Spider:3 | 27161 ||| Stepping ~*~*~tactically~*~*~ (stealth).
 27166 | Spider:3 | 27166 ||| Stepping ~*~*~tactically~*~*~ (stealth).
 27167 | Spider:3 | 27167 ||| Stepping ~*~*~tactically~*~*~ (stealth).
 27170 | Spider:3 | 27170 ||| Stepping ~*~*~tactically~*~*~ (stealth).
 27173 | Spider:3 | 27173 ||| Stepping ~*~*~tactically~*~*~ (stealth).
 27183 | Spider:3 | 27183 ||| Stepping ~*~*~tactically~*~*~ (stealth).
 27299 | Spider:3 | 27299 ||| Stepping ~*~*~tactically~*~*~ (hiding).
 27301 | Spider:3 | 27301 ||| INVOKING Finesse.
 27359 | Spider:3 | 27359 ||| Stepping ~*~*~tactically~*~*~ (stealth).
 27422 | Spider:3 | Noticed Arachne
 27423 | Spider:3 | 27423 ||| Stepping ~*~*~tactically~*~*~ (hiding).
 27442 | Spider:3 | Killed Arachne
 27609 | Spider:3 | 27609 ||| PLANNING SWAMP:4
 27609 | Spider:3 | 27609 ||| DROPPING +1 cloak of poison resistance.
 27739 | Swamp:4  | Entered Level 4 of the Swamp
 27747 | Swamp:4  | 27747 ||| STAIRDANCE
 27764 | Swamp:4  | 27764 ||| STAIRDANCE
 27780 | Swamp:4  | 27780 ||| STAIRDANCE
 27795 | Swamp:4  | 27795 ||| Stepping ~*~*~tactically~*~*~ (stealth).
 27796 | Swamp:4  | 27796 ||| Stepping ~*~*~tactically~*~*~ (stealth).
 27797 | Swamp:4  | 27797 ||| Stepping ~*~*~tactically~*~*~ (stealth).
 27832 | Swamp:4  | 27832 ||| Stepping ~*~*~tactically~*~*~ (hiding).
 27867 | Swamp:4  | 27867 ||| INVOKING Heroism.
 27896 | Swamp:4  | HP: 23/119 [11-headed hydra[a spriggan druid] (8)]
 27897 | Swamp:4  | 27897 ||| READING 15 scrolls of teleportation.
 27898 | Swamp:4  | 27898 ||| DRINKING 9 potions of heal wounds.
 27994 | Swamp:4  | 27994 ||| INVOKING Heroism.
 28022 | Swamp:4  | 28022 ||| Stepping ~*~*~tactically~*~*~ (hiding).
 28031 | Swamp:4  | 28031 ||| Stepping ~*~*~tactically~*~*~ (hiding).
 28046 | Swamp:4  | 28046 ||| Stepping ~*~*~tactically~*~*~ (hiding).
 28070 | Swamp:4  | 28070 ||| Stepping ~*~*~tactically~*~*~ (stealth).
 28071 | Swamp:4  | 28071 ||| INVOKING Heroism.
 28072 | Swamp:4  | 28072 ||| Stepping ~*~*~tactically~*~*~ (stealth).
 28081 | Swamp:4  | Received a gift from Okawaru
 28096 | Swamp:4  | 28096 ||| Stepping ~*~*~tactically~*~*~ (hiding).
 28110 | Swamp:4  | 28110 ||| Stepping ~*~*~tactically~*~*~ (stealth).
 28116 | Swamp:4  | Noticed the 27-headed Lernaean hydra
 28125 | Swamp:4  | HP: 27/120 [the 26-headed Lernaean hydra (6)]
 28126 | Swamp:4  | 28126 ||| READING 14 scrolls of teleportation.
 28127 | Swamp:4  | 28127 ||| DRINKING 8 potions of heal wounds.
 28128 | Swamp:4  | 28128 ||| INVOKING Heroism.
 28129 | Swamp:4  | HP: 11/120 [swamp dragon (3)]
 28130 | Swamp:4  | 28130 ||| DRINKING 7 potions of heal wounds.
 28131 | Swamp:4  | 28131 ||| DRINKING 6 potions of heal wounds.
 28136 | Swamp:4  | HP: 25/120 [the 26-headed Lernaean hydra (7)]
 28137 | Swamp:4  | 28137 ||| READING 13 scrolls of teleportation.
 28137 | Swamp:4  | HP: 10/120 [six-headed hydra (6)]
 28137 | Swamp:4  | HP: 1/120 [the 26-headed Lernaean hydra (6)]
 28137 | Swamp:4  | Slain by the 26-headed Lernaean hydra

Levels and vault maps discovered:
D:1:      dpeg_arrival_leaves_temple_mockup, layout_basic
D:2:      layout_loops_corners, shapermc_ecumenical_altar_petra,
          wander_ebering_terrifying_dragon_lair
D:3:      layout_loops_corners, lemuel_doored_altar,
          chequers_serial_rivers_micro_c
D:4:      layout_loops_cross, st_stairs_5, chequers_serial_rivers_room_a
D:5:      layout_basic, grunt_dithmenos_smoke, roderic_batcave
D:6:      layout_loops_ring, zin_purify, nzn_wu_jian_contemplation,
          nicolae_overflow_hidden_temple, uniq_menkaure, uniq_edmund
D:7:      layout_loops_ring, mainiacjoe_overflow_alcove_4,
          nicolae_uskayaw_en_pointe, overflow_temple_1_default,
          minmay_temple_entry_steel_oval
D:8:      layout_basic, serial_bayou_crossing, uniq_amaemon, uniq_erica,
          uniq_psyche, uniq_grum
D:9:      layout_basic, minmay_lair_entry_grove, serial_glass, glass_columns_a,
          glass_columns_a, dk_rats_in_the_wall, uniq_harold
D:10:     minmay_polygon_palace, layout_long_grid, general_overflow_altar,
          david_orc_4, uniq_gastronok
D:11:     layout_grid_maze, uniq_nergalle
D:12:     layout_loops_cross
D:13:     layout_irregular_city, serial_glass, glass_columns_a, glass_columns_a,
          glass_columns_c, serial_shops, shop, uniq_snorg, uniq_jorgrun
D:14:     layout_basic, hangedman_vaults_entry_quadrant_bands,
          gammafunk_ghost_icy, fedhas_altar_fruit_tree,
          nicolae_ru_sacrificial_ziggurat
D:15:     hangedman_depths_entry_civil_slaughter, layout_rooms, serial_aquarium,
          aquarium_bridge_island_small [aquarium_subvault_small_open,
          aquarium_subvault_bridge, aquarium_subvault_window,
          aquarium_subvault_wall, aquarium_subvault_bridge],
          aquarium_window_fake, aquarium_window_fake, aquarium_window_corner,
          aquarium_window_fake, aquarium_view_2d, aquarium_view_2c,
          aquarium_pool_2, minmay_misc_feat_hallway
Temple:   hellmonk_temple_forest_ring
Lair:1:   beast_lair_carwin_large_3, layout_cave_pods, basic_altar,
          grunt_megastairs_5
Lair:2:   layout_long_grid, swamp_mist_pool, lemuel_fruit_tree
Lair:3:   layout_roguey, spider_nest_entry_rubble
Lair:4:   layout_long_grid, nicolae_volcano_entry_vermiform, basic_altar,
          grunt_megastairs_2
Lair:5:   wormcave, layout_loops_ring, guppyfry_lair_end_dragon,
          dpeg_slime_entry_corner
Swamp:1:  layout_basic_swamp, basic_altar
Swamp:2:  layout_basic_swamp, nicolae_swamp_some_circles, uniq_nikola,
          uniq_frances
Swamp:3:  layout_basic_swamp, evilmike_swamp_ruin_rubble_2, swamp_pool1,
          beargit_elvish_explorers, uniq_louise
Swamp:4:  swamp, layout_basic_swamp, swamp_pool1
Spider:1: layout_cave_pods, hangedman_spider_tarantella_strand, uniq_azrael
Spider:2: layout_cave_pods, amcnicky_altar_lugonu_corruption
Spider:3: layout_spider_delve, ebering_ghost_xom, uniq_arachne
Orc:1:    layout_caves, serial_shops, nicolae_shop_industrial_runoff
Orc:2:    pubby_orc_utopia, uniq_urug, uniq_maurice, uniq_erolcha

Skill      XL: |  1  2  3  4  5  6  7  8  9 10 11 12 13 14 15 16 17 18 |
---------------+-------------------------------------------------------+-----
Axes           | 2 3 4 5 6 7 8 10 11 12 14 15 16 17 18 | 18.0
Fighting       | 4 5 6 7 8 9 10 11 12 14 15 | 15.7
Dodging        | 1 2 3 4 |  4.0
Throwing       | 1 2 7 |  7.0
Armour         | 4 5 6 7 8 9 11 12 | 12.0
Shields        | 4 6 10 11 13 16 17 18 | 18.7
Invocations    | 3 4 6 10 | 10.0

Action                     |  1- 3 |  4- 6 |  7- 9 | 10-12 | 13-15 | 16-18 || total
---------------------------+-------+-------+-------+-------+-------+-------++-------
  Melee: War axe           |   120 |   184 |   318 |   645 |   763 |    14 ||  2044
         Broad axe         |       |       |       |       |   520 |  1377 ||  1897
  Throw: Boomerang         |       |       |    44 |    34 |   158 |   115 ||   351
         Javelin           |       |       |       |       |       |   148 ||   148
 Invoke: Heroism           |       |       |     2 |    22 |    22 |    36 ||    82
         Finesse           |       |       |       |     1 |     6 |     3 ||    10
    Use: Scroll            |     5 |     8 |     8 |    10 |     5 |     7 ||    43
         Potion            |     1 |     3 |     5 |       |       |     8 ||    17
   Stab: Distracted        |       |       |       |       |     2 |     3 ||     5
         Petrified         |       |       |       |       |     1 |       ||     1
 Armour: Scale mail        |    75 |       |       |       |       |       ||    75
         Chain mail        |    21 |   121 |   188 |   363 |   611 |   803 ||  2107
  Dodge: Dodged            |    57 |    60 |   138 |   224 |   369 |   756 ||  1604
  Block: Buckler           |    34 |    34 |    70 |    32 |       |       ||   170
         Kite shield       |       |       |       |   271 |   366 |       ||   637
         Tower shield      |       |       |       |       |   459 |  1571 ||  2030
         Reflection        |       |       |       |       |       |     9 ||     9

Table legend:
 A = Non-vault XP
 B = Vault XP
 C = Vault XP percentage of total XP
 D = Non-vault monster count
 E = Vault monster count
 F = Vault count percentage of total count
                 A         B        C        D         E       F
            +---------+---------+-------+---------+---------+-------
      Total |  216685 |   75875 |  25.9 |     815 |     318 |  28.1
            +---------+---------+-------+---------+---------+-------
        D:1 |      44 |       0 |   0.0 |      26 |       0 |   0.0
        D:2 |      65 |       1 |   1.5 |      19 |       1 |   5.0
        D:3 |     225 |       0 |   0.0 |      16 |       0 |   0.0
        D:4 |     181 |      78 |  30.1 |      24 |       4 |  14.3
        D:5 |     655 |      58 |   8.1 |      24 |       6 |  20.0
        D:6 |    1001 |     330 |  24.8 |      21 |       2 |   8.7
        D:7 |     847 |       0 |   0.0 |      27 |       0 |   0.0
        D:8 |    1946 |    3104 |  61.5 |      44 |       9 |  17.0
        D:9 |    2116 |    2653 |  55.6 |      24 |      14 |  36.8
       D:10 |    6458 |    6487 |  50.1 |      45 |      37 |  45.1
       D:11 |    1828 |     783 |  30.0 |      13 |       1 |   7.1
       D:12 |    4094 |       0 |   0.0 |      21 |       0 |   0.0
       D:13 |    6586 |    2723 |  29.3 |      13 |       2 |  13.3
       D:14 |   17617 |    7142 |  28.8 |      36 |      16 |  30.8
       D:15 |    3424 |    4971 |  59.2 |       6 |       7 |  53.8
     Lair:1 |    4893 |    1923 |  28.2 |      26 |      12 |  31.6
     Lair:2 |    7240 |       0 |   0.0 |      21 |       0 |   0.0
     Lair:3 |    9331 |     535 |   5.4 |      23 |       1 |   4.2
     Lair:4 |   11034 |    2126 |  16.2 |      29 |       7 |  19.4
     Lair:5 |    9393 |     413 |   4.2 |      28 |       5 |  15.2
    Swamp:1 |   16580 |       0 |   0.0 |      32 |       0 |   0.0
    Swamp:2 |    8271 |    3259 |  28.3 |      17 |       2 |  10.5
    Swamp:3 |   18965 |    4926 |  20.6 |      36 |       6 |  14.3
    Swamp:4 |    7508 |    7857 |  51.1 |      15 |      14 |  48.3
   Spider:1 |   24233 |    1933 |   7.4 |      59 |       6 |   9.2
   Spider:2 |   19753 |       0 |   0.0 |      53 |       0 |   0.0
   Spider:3 |   14533 |    2242 |  13.4 |      38 |       1 |   2.6
      Orc:1 |    2221 |       0 |   0.0 |      36 |       0 |   0.0
      Orc:2 |       0 |   22331 | 100.0 |       0 |     165 | 100.0
    Abyss:2 |   15643 |       0 |   0.0 |      43 |       0 |   0.0
            +---------+---------+-------+---------+---------+-------
